 Dungeon Crawl Stone Soup version 0.30-a0-377-g5cb311bc9f (webtiles) character file.

Game seed: 17623046890719991555

553 porpoise the Skirmisher (level 7, -8/44 HPs)
             Began as a Tengu Hunter on Nov 29, 2022.
             Mangled by a gnoll
             ... wielding a +0 halberd
              (13 damage)
             ... on level 3 of the Dungeon.
             The game lasted 00:11:12 (3005 turns).

porpoise the Skirmisher (Tengu Hunter)              Turns: 3005, Time: 00:11:13

Health: -8/44      AC:  4    Str: 12    XL:     7   Next: 29%
Magic:  8/8        EV: 14    Int:  9    God:
Gold:   179        SH:  0    Dex: 19    Spells: 6/6 levels left

rFire   . . .      SeeInvis .    a - +0 shortbow
rCold   + . .      Faith    .    (shield currently unavailable)
rNeg    . . .      Spirit   .    q - +1 leather armour {rC+}
rPois   .          Reflect  .    (helmet restricted)
rElec   .          Harm     .    (no cloak)
rCorr   .          Rampage  .    (no gloves)
Will    .....                    (boots unavailable)
Stlth   ++........               (no amulet)
HPRegen 0.27/turn                (no ring)
MPRegen 0.11/turn                (no ring)

@: flying quickly and evasively, hasted, very quick
A: beak, talons 3, nimble flight
a: no special abilities


You were on level 3 of the Dungeon.
You visited 1 branch of the dungeon, and saw 4 of its levels.

You collected 197 gold pieces.
You spent 18 gold pieces at shops.

Inventory:

Hand Weapons
 a - a +0 shortbow (weapon)
Missiles
 m - 11 poisoned darts
Armour
 q - a +1 leather armour of cold resistance (worn)
Jewellery
 c - a ring of magical power
Scrolls
 b - 2 scrolls of immolation
 d - 3 scrolls of identify {unknown}
 g - 4 scrolls of teleportation {unknown}
 i - 2 scrolls of magic mapping {unknown}
 k - a scroll of blinking {unknown}
 n - a scroll of noise {unknown}
Potions
 e - a potion of curing
 f - a potion of magic
 h - a potion of might {unknown}
 j - a potion of attraction {unknown}
 l - a potion of cancellation
 p - a potion of degeneration {unknown}
 r - a potion of heal wounds {unknown}


   Skills:
 + Level 4.6 Fighting
 * Level 8.1 Ranged Weapons
 - Level 2.1 Dodging
 - Level 1.0 Stealth


You had 6 spell levels left.
You didn't know any spells.
Your spell library contained the following spells:

 Spells                   Type           Power      Damage    Failure   Level
 Sting                    Tmut/Pois      0%         1d3       45%         1
 Poisonous Vapours        Pois/Air       0%         N/A       61%         2
 Olgreb's Toxic Radiance  Pois           0%         N/A       99%         4


Dungeon Overview and Level Annotations

Branches:
Dungeon (4/15)
 Temple: D:4-7

Altars:

Shops:
D:1 *   D:2 :   D:3 ([


Innate Abilities, Weirdness & Mutations

You have a beak for a mouth.
You have claws for feet.
Your magical nature lets you fly swiftly and evasively.


Message History

You shoot an arrow. The arrow hits the gnoll.
The gnoll is moderately wounded.
The gnoll closely misses you.
You shoot an arrow. The arrow hits the gnoll.
The gnoll is severely wounded.
The gnoll hits you from afar with a +0 halberd!
The gnoll closely misses you.
You shoot an arrow.
The arrow hits the gnoll but does no damage.
The gnoll is severely wounded.
The gnoll hits you from afar with a +0 halberd.
The gnoll hits you with a +0 flail!
You are too injured to fight recklessly!
You are too injured to fight recklessly!
You are too injured to fight recklessly!
You are too injured to fight recklessly!
Fire: a) +0 shortbow
Press: ? - help, Q - select action, (/) - cycle Shift-Dir - straight line, f/p - gnoll
Aim: a gnoll, wielding a +0 flail (severely wounded, 70% to hit)
You can't see any item there.
You shoot an arrow. The arrow hits the gnoll!
You kill the gnoll!
Fire: a) +0 shortbow
Press: ? - help, Q - select action, (/) - cycle Shift-Dir - straight line, f - gnoll
Aim: a gnoll, wielding a +0 halberd (70% to hit)
You shoot an arrow. The arrow barely misses the gnoll.
You hear a shout!
The gnoll hits you from afar with a +0 halberd.
A gnoll sergeant comes into view. It is wielding a +0 trident.
The gnoll hits you from afar with a +0 halberd!
* * * LOW HITPOINT WARNING * * *
Unknown command.
Okay, then.
Unknown command.
You feel better.
The gnoll hits you from afar with a +0 halberd!
* * * LOW HITPOINT WARNING * * *
You feel yourself speed up.
The gnoll hits you from afar with a +0 halberd!
You die...

≈~≈≈~~≈~≈≈≈≈≈≈~≈≈≈≈≈≈≈~....#####
~~~~†≈~~~~~~≈~~~#####≈≈....#...##
.........††.†...#...#≈~....#.....
#################...#≈~P...###.#.
.'... #'###≈~....# #... #g..
#.#.~~~....# #.#. #...
#.#.~~~..P.# #.##
##'###.#.~≈~....# #.##
#..g)@.#.~~~....###.##
#......#.~≈~....#...##
#################)#.~≈~....#####.
....#...........#.#.~≈~....# ##..
....'..)).....))'.#.~≈~....###...
....#...........#'###≈~P...##....
''''#############...#≈~....#+....
........... #...#≈~....##....
....~~~~~~~ ~#####≈~....###...


You could see a gnoll sergeant and a gnoll.

Vanquished Creatures
  Sigmund (D:3)
  2 howler monkeys (D:3)
  A hound (D:3)
  Robin (D:2)
  14 gnolls (D:3)
  An adder (D:2)
  3 dart slugs
  18 orcs (D:3)
  A ball python (D:1)
  5 bats (D:1)
  6 endoplasms
  4 giant cockroaches
  20 goblins
  3 hobgoblins
  14 jackals
  3 quokkas
  3 frilled lizards
  11 kobolds
  4 rats
115 creatures vanquished.

Notes
Turn   | Place    | Note
-------+----------+-------------------------------------------
     0 | D:1      | porpoise the Tengu Hunter began the quest for the Orb.
     0 | D:1      | Reached XP level 1. HP: 12/12 MP: 2/2
    33 | D:1      | Found Faun's Assorted Antiques.
   132 | D:1      | Reached XP level 2. HP: 17/17 MP: 3/3
   197 | D:1      | Bought a bubbling white potion for 18 gold pieces
   240 | D:1      | Reached skill level 5 in Ranged Weapons
   260 | D:1      | Reached XP level 3. HP: 22/22 MP: 4/4
   734 | D:2      | Noticed Robin
   746 | D:2      | You fall into a shaft and drop 2 floors!
   781 | D:3      | Found Nawecygo's Armour Emporium.
   824 | D:3      | Reached XP level 4. HP: 27/27 MP: 5/5
   936 | D:2      | Found Owosom's Book Shoppe.
   944 | D:2      | Killed Robin
  1416 | D:3      | Reached skill level 6 in Ranged Weapons
  1523 | D:3      | Found Zales Qul's Weapon Shop.
  1524 | D:3      | Noticed Sigmund
  1539 | D:3      | Killed Sigmund
  1540 | D:3      | Reached skill level 7 in Ranged Weapons
  1540 | D:3      | Gained mutation: Your magical nature lets you fly swiftly
                  | and evasively. [Tengu growth]
  1540 | D:3      | Reached XP level 5. HP: 27/33 MP: 6/6
  1540 | D:3      | Reached XP level 6. HP: 31/38 MP: 7/7
  2310 | D:3      | Reached XP level 7. HP: 44/44 MP: 8/8
  2654 | D:3      | Reached skill level 8 in Ranged Weapons
  3003 | D:3      | HP: 2/44 [gnoll/+0 halberd (15)]
  3005 | D:3      | Mangled by a gnoll

Illustrated notes

Levels and vault maps discovered:
D:1:      minmay_arrival_stone_box, layout_basic, serial_shops,
          nicolae_square_shop, minmay_vboxes
D:2:      minmay_general_purpose_star, layout_rooms, serial_shops,
          nicolae_square_shop, kennysheep_generic_room_9, uniq_robin
D:3:      lemuel_castle_with_subvaults [lemuel_castle_interior_carwin_1],
          layout_loops_corners, serial_shops, shop, shop, uniq_sigmund
D:4:      layout_layer_cave, fedhas_altar_2, minmay_temple_entry_antechambers,
          cheibrodos_gnoll_hut, uniq_menkaure

Skill      XL: |  1  2  3  4  5  6  7 |
---------------+----------------------+-----
Ranged Weapons | 5 7 8 |  8.1
Fighting       | 3 4 |  4.6
Dodging        | |  2.1
Stealth        | |  1.0

Action                   |  1- 3 |  4- 6 |  7- 9 || total
-------------------------+-------+-------+-------++-------
 Fire: Shortbow          |   115 |   153 |    61 ||   329
  Use: Potion            |       |     5 |     2 ||     7
Armor: Leather armour    |    11 |    10 |       ||    21
Dodge: Dodged            |    31 |    38 |     8 ||    77

Table legend: (Time is in decaauts)
 A = Elapsed time spent in this place.
 B = Non-inter-level travel time spent in this place.
 C = Inter-level travel time spent in this place.
 D = Time resting spent in this place.
 E = Time spent auto-exploring this place.
 F = Levels seen in this place.
 G = Mean time per level.
                   A        B        C        D        E       F      G
               +--------+--------+--------+--------+--------+-----+--------+
         Total |   3010 |   2954 |     56 |    944 |   1336 |   4 |  752.5 |
       Dungeon |   3010 |   2954 |     56 |    944 |   1336 |   4 |  752.5 |
               +--------+--------+--------+--------+--------+-----+--------+

Top non-repeatable levels by time:
     D:3: 1701 daAuts
     D:1: 656 daAuts
     D:2: 623 daAuts
     D:4: 28 daAuts
